 Dungeon Crawl Stone Soup version 0.32-a0-791-gfc315c9ecd (webtiles) character file.

Game seed: 16044031193768944844

3181 ezpacito the Trooper (level 9, -14/71 HPs)
             Began as a Coglin Chaos Knight on Mar 20, 2024.
             Was a Plaything of Xom.
             Killed from afar by a gargoyle (21 damage)
             ... with a stone arrow
             ... on level 5 of the Dungeon.
             The game lasted 00:08:48 (4227 turns).

ezpacito the Trooper (Coglin Chaos Knight)          Turns: 4227, Time: 00:08:48

Health: -14/71     AC: 17    Str: 14    XL:     9   Next: 95%
Magic:  13/13      EV: 12    Int: 11    God:    Xom [...*..]
Gold:   434        SH:  0    Dex: 15    Spells: 14/14 levels left

rFire   . . .        a - +0 hand axe (chaos) {Sanghe}
rCold   x . .        F - +1 spear (venom) {Hajoon}
rNeg    . . .        u - +1 ring mail of Xom, Destroying {rElec Regen+}
rPois   .            q - +2 helmet
rElec   +            (no cloak)
rCorr   .            b - +0 pair of gloves
SInv    .            (no boots)
Will    +....        (amulet unavailable)
Stlth   +++          (ring unavailable)
HPRegen 1.11/turn    (ring unavailable)
MPRegen 0.13/turn    (no gizmo)

%: random rage (3%)
@: mighty, revving
A: off-hand wielding, slow wielding, warmup strikes, no jewellery, iridescent
scales 3, camouflage 1, berserk 1, strong-willed 1, weak 1, evolution 1, cold
vulnerability 1, MP-powered wands, sturdy frame 1, persistent drain
a: Invent Gizmo, Renounce Religion


You were on level 5 of the Dungeon.
You worshipped Xom.
You were a favourite toy of Xom.
You visited 1 branch of the dungeon, and saw 5 of its levels.
You also visited: Ossuary.

You collected 434 gold pieces.

Inventory:

Hand Weapons
 a - a +0 hand axe of chaos (weapon) {Sanghe}
 F - a +1 spear of venom (offhand) {Hajoon}
Missiles
 c - 9 boomerangs (quivered)
 j - a throwing net
 s - 3 curare-tipped darts
 A - 6 poisoned darts
Armour
 b - a +0 pair of gloves (worn)
 q - a +2 helmet (worn)
 r - a +0 plate armour
 u - the +1 ring mail of Xom, Destroying (worn) {rElec Regen+}
   (Xom gifted it to you on level 1 of the Dungeon)

   rElec:     It insulates you from electricity.
   Regen+:    It increases your rate of health regeneration.
 z - a +3 ring mail of poison resistance
Magical Staves
 C - a staff of cold
Wands
 B - a wand of flame (5)
Scrolls
 e - a scroll of silence
 g - a scroll of fear
 i - 2 scrolls of identify
 k - 3 scrolls of immolation {unknown}
 o - a scroll of poison
 t - 4 scrolls of teleportation
 w - a scroll of fog {unknown}
 D - a scroll of enchant armour {unknown}
Potions
 f - 3 potions of attraction
 h - 3 potions of brilliance
 n - 3 potions of mutation
 v - a potion of lignification {unknown}
 y - a potion of cancellation
 E - a potion of curing {unknown}


   Skills:
 * Level 6.5 Fighting
 * Level 6.4(7.0) Axes
 + Level 3.6(5.2) Polearms
 * Level 5.5 Armour
 * Level 5.2 Dodging
 + Level 3.3 Stealth
 + Level 3.0 Spellcasting
 + Level 1.3 Evocations


You had 14 spell levels left.
You didn't know any spells.
Your spell library was empty.

Dungeon Overview and Level Annotations

Branches:
Dungeon (5/15)            Ossuary (visited)
 Temple: D:4-7

Altars:
Okawaru


Innate Abilities, Weirdness & Mutations

You can wield a second weapon in your off-hand.
It takes a long time for you to wield or remove held weapons.
Your first few attacks do less damage.
You cannot equip rings or amulets.
You are completely covered in iridescent scales. (AC +6)
Your skin changes colour to match your surroundings (Stealth+).
You sometimes lose your temper in combat.
You are strong-willed. (Will+)
You are weak. (Str -2)
You have hidden genetic potential.
You are vulnerable to cold. (rC-)
You expend magic power (3 MP) to strengthen your wands.
Your movements are slightly less encumbered by armour. (ER -2)
Your health recovers twice as slowly from being drained.


Message History

You take 21 damage, and have 45/71 hp.
MASSIVE DAMAGE!!
You are too injured to fight recklessly!
You are too injured to fight recklessly!
You are too injured to fight recklessly!
The gargoyle hits you with a +0 mace.
You take 2 damage, and have 43/71 hp.
You hit the gargoyle but do no damage.
You hit the gargoyle with your +1 spear of venom.
The gargoyle hurls a stone arrow at you.
The stone arrow hits you!
You take 14 damage, and have 29/71 hp.
You hit the gargoyle with your +1 spear of venom.
The gargoyle is moderately damaged.
You closely miss the gargoyle with your +0 hand axe of chaos.
The gargoyle hurls a stone arrow at you.
The stone arrow hits you!!
* * * LOW HITPOINT WARNING * * *
You take 17 damage, and have 12/71 hp.
MASSIVE DAMAGE!!
Okay, then.
Okay, then.
Okay, then.
You feel very mighty all of a sudden. The gargoyle hits you with a +0 mace!
* * * LOW HITPOINT WARNING * * *
You take 8 damage, and have 4/71 hp.
You hit the gargoyle but do no damage.
The gargoyle is moderately damaged.
You closely miss the gargoyle with your +0 hand axe of chaos.
Okay, then.
Okay, then.
As you read the scroll labelled IMI DUSYGO, it crumbles to dust.
You feel aware of your surroundings.
It was a scroll of revelation. 2 orcs come into view.
The gargoyle hits you but does no damage.
As you read the scroll labelled JESTRAQ LEF OHO, it crumbles to dust.
Wisps of shadow whirl around you...
It was a scroll of summoning.
The gargoyle hurls a stone arrow at you.
The stone arrow hits you!!
You die...
Xom howls with laughter!

....#.........)..####.#*,.......<
....)..........÷........,.P.....#
≈~~≈)....~≈~~≈≈≈~~≈≈~~~~~~~~....#
≈≈≈≈~)...~≈≈≈≈≈≈≈~≈≈≈≈≈≈≈≈≈~....#
~~~~~....~≈≈≈~≈~~≈≈~~###*#≈≈....#
......)..............#o.,#≈≈....#
#####''''#############.o,#≈≈....#
#####....#######.B#..#+#*#≈~P...#
....'....'.....9@o'.o#.#,~~~,,,,#
#####....#######5.#o.#o#,~~~,,,,*
######''##############.#,~~~,,,,*
................'....'.#,~~~,,,,*
...)............'....'.#,~~~,,,,*
..))............######.#,~~~,,,,*
.......)........#....#o#,~~~,,,,*
######''#########....#.#,~~~,,,,*
...))'..'.......'....#+***~~,,,,*


You could see a gargoyle (agile, ally target), a friendly bombardier beetle
(summoned), a friendly orc priest (summoned, wandering), a friendly white imp
(summoned) and 2 friendly orcs.

Vanquished Creatures
  A rime drake (D:5)
  Sigmund (D:5)
  Edmund (D:5)
  Duvessa (D:4)
  An orc warrior (D:5)
  2 black bears (D:4)
  2 ogres (D:5)
  A phantom (D:5)
  10 scorpions
  Dowan (D:4)
  3 howler monkeys (D:5)
  2 centaur zombies (Ossuary)
  A bombardier beetle (D:3)
  4 orc priests
  2 sleepcaps (D:5)
  4 hounds
  A human zombie (Ossuary)
  3 iguanas (D:5)
  2 orc wizards (D:4)
  4 scorpion zombies (Ossuary)
  Natasha (D:3)
  3 mummies (Ossuary)
  Robin (D:4)
  17 gnolls (D:5)
  6 adders
  A shadow imp (D:5)
  7 adder zombies (Ossuary)
  3 ribbon worms (D:2)
  6 dart slugs
  25 orcs
  8 bats
  3 endoplasms
  4 giant cockroaches
  A gnoll zombie (Ossuary)
  7 hobgoblins
  11 jackals
  A quokka (D:2)
  5 ball pythons
  A ball python zombie (Ossuary)
  A frilled lizard (D:1)
  16 goblins
  11 kobolds
  An orc zombie (Ossuary)
  6 rats
193 creatures vanquished.

Vanquished Creatures (collateral kills)
  A scorpion (Ossuary)
  A centaur zombie (Ossuary)
  An adder zombie (Ossuary)
3 creatures vanquished.

Vanquished Creatures (others)
  A phantom (D:4)
  A scorpion zombie (Ossuary)
  An endoplasm (D:1)
3 creatures vanquished.

Grand Total: 199 creatures vanquished

Notes
Turn   | Place    | Note
-------+----------+-------------------------------------------
     0 | D:1      | ezpacito the Coglin Chaos Knight began the quest for the
                  | Orb.
     0 | D:1      | Reached XP level 1. HP: 18/18 MP: 1/1
    41 | D:1      | Reached skill level 1 in Dodging
    52 | D:1      | Reached XP level 2. HP: 6/24 MP: 2/2
   267 | D:1      | XOM: destruction
   358 | D:1      | Reached XP level 3. HP: 29/29 MP: 3/3
   364 | D:1      | XOM: god gift: faintly humming ring mail {god gift}
   364 | D:1      | Identified the +1 ring mail of Xom, Destroying {rElec
                  | Regen+} (Xom gifted it to you on level 1 of the Dungeon)
   460 | D:1      | XOM: scenery: summon butterflies
   461 | D:1      | Noticed an eye of devastation
   465 | D:1      | Found a faded altar of an unknown god.
   467 | D:1      | Noticed a great orb of eyes
   467 | D:1      | Noticed an eye of devastation
   467 | D:1      | Noticed an eye of devastation
   879 | D:2      | XOM: give mutations
   879 | D:2      | Gained mutation: You are vulnerable to cold. (rC-) [Xom's
                  | mischief]
   879 | D:2      | Gained mutation: Your health recovers twice as slowly from
                  | being drained. [Xom's mischief]
   879 | D:2      | Gained mutation: Your spells are a little easier to cast,
                  | but a little less powerful. [Xom's mischief]
   879 | D:2      | Gained mutation: You are weak. (Str -2) [Xom's mischief]
   906 | D:2      | Reached XP level 4. HP: 35/35 MP: 4/4
  1051 | D:2      | You fall into a shaft and drop 2 floors!
  1059 | D:4      | Noticed Robin
  1070 | D:4      | XOM: confusion
  1071 | D:4      | Noticed a scorpion
  1087 | D:4      | XOM: enchant monster (good)
  1088 | D:4      | Reached skill level 1 in Polearms
  1088 | D:4      | XOM: fake destruction
  1089 | D:4      | XOM: summons 4 friendly demons
  1152 | D:3      | XOM: 3-stop teleportation journey
  1203 | D:3      | Reached XP level 5. HP: 41/41 MP: 5/5
  1246 | D:4      | Found a sand-covered staircase.
  1254 | Ossuary  | Entered an ossuary
  1270 | Ossuary  | Reached skill level 1 in Stealth
  1334 | Ossuary  | Reached skill level 1 in Spellcasting
  1334 | Ossuary  | Reached XP level 6. HP: 48/48 MP: 7/7
  1339 | Ossuary  | XOM: summons 6 friendly demons
  1351 | Ossuary  | Reached XP level 7. HP: 31/54 MP: 8/8
  1463 | Ossuary  | XOM: divine lightning
  1474 | Ossuary  | XOM: cast spell 'Leda's Liquefaction'
  1476 | Ossuary  | XOM: 5-stop teleportation journey
  1484 | Ossuary  | XOM: scenery: 1 doors open, 1 doors close
  1489 | Ossuary  | XOM: confuse monster(s)
  1540 | Ossuary  | XOM: fog
  1552 | Ossuary  | Reached XP level 8. HP: 58/61 MP: 10/10
  1771 | D:4      | Noticed Dowan
  1772 | D:4      | Reached skill level 5 in Fighting
  1773 | D:4      | Noticed Duvessa
  1782 | D:4      | Killed Robin
  1790 | D:4      | Killed Dowan
  1791 | D:4      | Reached skill level 5 in Axes
  1793 | D:4      | Killed Duvessa
  1816 | D:4      | XOM: give mutations
  1816 | D:4      | Lost mutation: Your spells are a little easier to cast, but
                  | a little less powerful. [Xom's grace]
  1816 | D:4      | Gained mutation: You are strong-willed. (Will+) [Xom's
                  | grace]
  1816 | D:4      | Gained mutation: Your movements are slightly less
                  | encumbered by armour. (ER -2) [Xom's grace]
  1816 | D:4      | Gained mutation: Your skin changes colour to match your
                  | surroundings (Stealth+). [Xom's grace]
  1850 | D:4      | XOM: confuse monster(s)
  2082 | D:4      | XOM: enchant monster (bad)
  2118 | D:2      | Found an iron altar of Okawaru.
  2270 | D:2      | XOM: silly message
  2626 | D:2      | XOM: give mutations
  2626 | D:2      | Gained mutation: You expend magic power (3 MP) to
                  | strengthen your wands. [Xom's grace]
  2626 | D:2      | Gained mutation: You are partially covered in iridescent
                  | scales. (AC +2) [Xom's grace]
  2626 | D:2      | Gained mutation: You are mostly covered in iridescent
                  | scales. (AC +4) [Xom's grace]
  2922 | D:3      | Reached XP level 9. HP: 68/68 MP: 12/12
  2968 | D:3      | XOM: god gift: 6 stones
  2978 | D:3      | Noticed Natasha
  2985 | D:3      | Natasha changed into Natasha the goblin
  2985 | D:3      | Noticed Natasha
  2987 | D:3      | Killed Natasha the goblin
  3137 | D:3      | XOM: give mutation
  3137 | D:3      | Gained mutation: You have hidden genetic potential. [Xom's
                  | grace]
  3158 | D:3      | Noticed Natasha
  3166 | D:3      | Killed Natasha
  3389 | D:3      | XOM: give mutation
  3389 | D:3      | Gained mutation: You sometimes lose your temper in combat.
                  | [Xom's mischief]
  3484 | D:4      | XOM: give mutation
  3484 | D:4      | Gained mutation: You are completely covered in iridescent
                  | scales. (AC +6) [Xom's grace]
  3512 | D:5      | Entered Level 5 of the Dungeon
  3546 | D:5      | Noticed Sigmund
  3555 | D:5      | Killed Sigmund
  3562 | D:5      | Noticed Edmund
  3582 | D:5      | Killed Edmund
  3612 | D:5      | XOM: summons 2 hostile demons
  3656 | D:5      | Reached skill level 5 in Armour
  3775 | D:5      | an ice beast changed into a rime drake
  3775 | D:5      | Noticed a rime drake
  3778 | D:5      | XOM: potion effect (haste)
  3781 | D:5      | Killed a rime drake
  3787 | D:5      | Reached skill level 5 in Dodging
  3946 | D:5      | XOM: cloud trail
  4048 | D:5      | XOM: divination: magic mapping
  4061 | D:5      | Reached skill level 1 in Evocations
  4157 | D:5      | XOM: chaos upgrade
  4204 | D:5      | XOM: divination: magic mapping
  4211 | D:5      | Noticed a gargoyle
  4215 | D:5      | XOM: enchant monster (bad)
  4227 | D:5      | Killed from afar by a gargoyle

Illustrated notes

Levels and vault maps discovered:
D:1:      dpeg_arrival_court, layout_basic,
          hellmonk_ecumenical_altar_watching_god, minmay_vboxes
D:2:      layout_basic, basic_altar
D:3:      layout_basic, supply_closet_lemuel, grunt_ministairs_15,
          roderic_lattice_a, minmay_distorted, uniq_natasha
D:4:      layout_cave_pools, nicolae_ossuary_entry_plus, st_stairs_8,
          uniq_robin, uniq_duvessa
D:5:      lemuel_castle_with_subvaults [lemuel_castle_interior_original],
          layout_cave_pools, sigmund_edmund_badplayer

Skill      XL: |  1  2  3  4  5  6  7  8  9 |
---------------+----------------------------+-----
Dodging        | 1 2 3 4 5 |  5.2
Armour         | 2 3 4 5 |  5.5
Polearms       | 1 2 3 |  3.6
Stealth        | 1 2 3 |  3.3
Spellcasting   | 1 2 3 |  3.0
Fighting       | 4 5 6 |  6.5
Axes           | 4 5 6 |  6.4
Evocations     | 1 |  1.3

Action                     |  1- 3 |  4- 6 |  7- 9 || total
---------------------------+-------+-------+-------++-------
  Melee: Hand axe          |    51 |    74 |   294 ||   419
         Dagger            |    24 |       |       ||    24
         Spear             |    26 |    77 |   407 ||   510
    Use: Scroll            |       |     7 |     6 ||    13
         Potion            |       |     2 |     5 ||     7
   Stab: Sleeping          |     1 |       |     7 ||     8
         Confused          |       |     4 |     4 ||     8
         Petrifying        |       |     3 |       ||     3
         Petrified         |       |     2 |     9 ||    11
         Invisible         |       |       |     4 ||     4
         Paralysed         |       |       |     1 ||     1
         Distracted        |       |       |     2 ||     2
 Armour: Leather armour    |    16 |       |       ||    16
         Ring mail         |     9 |   104 |   179 ||   292
  Dodge: Dodged            |    21 |    77 |   181 ||   279

Table legend: (Time is in decaauts)
 A = Elapsed time spent in this place.
 B = Non-inter-level travel time spent in this place.
 C = Inter-level travel time spent in this place.
 D = Time resting spent in this place.
 E = Time spent auto-exploring this place.
 F = Levels seen in this place.
 G = Mean time per level.
                   A        B        C        D        E       F      G
               +--------+--------+--------+--------+--------+-----+--------+
         Total |   4254 |   4055 |    199 |     76 |   2531 |   6 |  709.0 |
       Dungeon |   3815 |   3616 |    199 |     76 |   2378 |   5 |  763.0 |
       Ossuary |    439 |    439 |      0 |      0 |    152 |   1 |  439.0 |
               +--------+--------+--------+--------+--------+-----+--------+

Top non-repeatable levels by time:
     D:3: 968 daAuts
     D:1: 831 daAuts
     D:2: 759 daAuts
     D:5: 733 daAuts
     D:4: 522 daAuts
 Ossuary: 439 daAuts
